Map: Acropolis EC

Players

ShaDoWn

  • Race: Protoss Protoss
  • Spawn Location: 11:00

Scarlett - Winner!

  • Race: Zerg Zerg
  • Spawn Location: 5:00

Event: 2019 WCS Summer

VOD

Have the link to the VOD?

Description

Time

  • Played on: July 13, 2019, 10:20 a.m.
  • Length: 9:55

All games in this series

Show
View Real Time Build Order
Export as new Build Order

ShaDoWn Protoss 

Build Orders: 1 Gate Expand, Oracle Opening 

Get SALT Encoding   

  12  0:00  Probe  
  13  0:12  Probe  
  14  0:20  Pylon  
  14  0:24  Probe  
  15  0:30  Assimilator  
  15  0:35  Probe  
  16  0:43  Probe, Gateway  
  17  0:53  Probe  
  18  1:05  Probe  
  19  1:17  Probe  
  20  1:22  Nexus  
  20  1:32  Cybernetics Core  
  20  1:35  Probe  
  21  1:41  Assimilator  
  22  1:47  Probe  
  22  1:49  Pylon  
  22  1:58  Adept  
  22  1:59  Probe  
  25  2:11  Probe  
  25  2:13  Stargate  
  26  2:23  Probe  
  26  2:27  Stalker  
  29  2:31  Probe x2  
  29  2:32  Warp Gate  
  31  2:39  Probe  
  31  2:40  Probe  
  32  2:49  Probe  
  32  2:51  Probe, Oracle  
  35  3:01  Probe  
  35  3:03  Probe  
  40  3:13  Probe  
  40  3:15  Probe, Gateway  
  42  3:22  Twilight Council  
  42  3:25  Probe  
  43  3:28  Probe  
  43  3:32  Gateway  
  44  3:37  Assimilator, Probe  
  44  3:39  Assimilator  
  44  3:40  Probe  
  46  3:46  Pylon, Resonating Glaives  
  46  4:01  Gateway  
  46  4:02  Gateway  
  46  4:05  Gateway  
  46  4:08  Probe x2  
  48  4:13  Pylon  
  48  4:19  Pylon  
  48  4:20  Probe  
  48  4:21  Adept x2  
  53  4:24  Probe  
  54  4:35  Adept  
  54  4:36  Pylon  
  58  4:39  Pylon  
  58  4:45  Adept x2  
  60  4:58  Adept x3  
  66  5:04  Adept  
  66  5:05  Adept x2  
  72  5:18  Adept x2  
  72  5:19  Adept  
  78  5:24  Pylon  
  78  5:38  Adept x3  
  78  5:39  Adept  
  78  5:40  Pylon  
  86  5:47  Probe  
  86  5:48  Probe  
  78  5:54  Adept x2  
  80  5:59  Probe  
  80  6:00  Probe  
  68  6:11  Probe  
  68  6:12  Void Ray, Probe  
  68  6:14  Robotics Facility  
  68  6:16  Robotics Facility  
  58  6:23  Probe  
  58  6:25  Nexus  
  63  6:27  Sentry x3  
  69  6:34  Probe  
  69  6:37  Forge  
  66  6:40  Stalker x3  
  72  6:48  Probe x2  
  72  6:52  Pylon  
  74  6:54  Immortal x2  
  74  7:00  Probe  
  74  7:01  Probe  
  83  7:11  Blink  
  83  7:12  Probe  
  84  7:18  Probe  
  85  7:25  Probe  
  85  7:28  Protoss Ground Weapons Level 1  
  83  7:30  Probe  
  83  7:33  Stalker x4  
  92  7:37  Probe  
  92  7:38  Warp Prism  
  92  7:43  Probe  
  96  7:46  Immortal  
  96  7:51  Shield Battery  
  100  7:53  Shield Battery  
  100  7:58  Adept x2  
  106  8:06  Stalker  
  106  8:08  Pylon  
  108  8:15  Stalker  
  108  8:18  Shield Battery, Pylon  
  108  8:21  Pylon  
  108  8:25  Probe  
  109  8:28  Assimilator  
  109  8:29  Stalker x4  
  109  8:30  Assimilator  
  117  8:46  Stalker, Immortal  
  117  8:53  Probe  
  124  9:03  Stalker x4  
  124  9:07  Probe  
  127  9:20  Nexus  
  102  9:35  Adept x5  
Show
View Real Time Build Order
Export as new Build Order

Scarlett Zerg - Winner!

Build Orders: Hatch First, Swarm Host 

Get SALT Encoding   

  12  0:00  Drone  
  13  0:12  Overlord  
  13  0:18  Drone  
  14  0:30  Drone  
  14  0:31  Drone  
  16  0:47  Hatchery  
  15  0:50  Drone  
  15  0:54  Drone  
  17  0:58  Drone  
  18  1:04  Extractor  
  17  1:13  Spawning Pool  
  17  1:17  Drone  
  17  1:19  Drone  
  18  1:28  Drone  
  19  1:40  Drone  
  20  1:51  Drone  
  21  2:00  Queen x2  
  21  2:01  Overlord  
  25  2:02  Zergling x2  
  25  2:05  Metabolic Boost  
  26  2:11  Drone  
  26  2:12  Drone  
  28  2:21  Drone  
  28  2:22  Drone  
  30  2:31  Drone  
  31  2:37  Hatchery  
  31  2:43  Drone  
  31  2:44  Overlord  
  31  2:45  Drone  
  32  2:53  Drone  
  32  2:55  Drone, Queen  
  36  3:08  Drone x6  
  36  3:10  Drone  
  43  3:13  Overlord  
  43  3:21  Drone  
  44  3:32  Queen  
  44  3:33  Zergling x4  
  48  3:38  Drone x2  
  50  3:41  Drone x2  
  50  3:43  Overlord, Spore Crawler  
  52  3:48  Drone  
  52  3:50  Queen  
  52  3:55  Spore Crawler x2  
  52  4:01  Drone x5  
  57  4:03  Drone x3  
  57  4:08  Lair  
  60  4:15  Drone x2, Roach Warren  
  61  4:20  Extractor x2  
  59  4:24  Drone x6  
  59  4:26  Drone  
  66  4:33  Overlord  
  66  4:34  Overlord  
  66  4:40  Overlord x2  
  66  4:48  Extractor  
  66  4:50  Drone  
  66  4:54  Drone x2  
  66  4:55  Drone  
  66  4:56  Drone x2, Roach  
  66  4:57  Roach x2  
  66  4:59  Roach x3  
  83  5:04  Roach  
  85  5:09  Glial Reconstitution  
  85  5:13  Overseer  
  85  5:14  Roach x4  
  85  5:16  Drone x5  
  85  5:19  Extractor, Evolution Chamber  
  95  5:24  Drone  
  96  5:29  Overlord x4  
  96  5:35  Spine Crawler  
  94  5:39  Roach  
  96  5:44  Roach  
  96  5:51  Roach x8  
  104  6:10  Drone x11  
  111  6:18  Drone x3  
  111  6:19  Zerg Missile Weapons Level 1  
  112  6:38  Drone x9  
  121  6:45  Drone  
  121  6:46  Extractor  
  120  6:47  Extractor  
  120  6:48  Infestation Pit  
  120  6:54  Overlord x4  
  118  6:57  Overlord x4  
  118  7:12  Roach x5  
  118  7:14  Hatchery  
  127  7:26  Swarm Host  
  127  7:27  Swarm Host x6  
  148  7:30  Nydus Network  
  148  7:32  Overseer  
  148  7:34  Zergling x2  
  148  7:38  Swarm Host x3  
  157  7:47  Swarm Host x3  
  157  7:50  Swarm Host  
  169  7:54  Swarm Host  
  172  8:03  Swarm Host x2  
  178  8:14  Nydus Canal  
  177  8:22  Ravager x2, Overlord x2  
  179  8:29  Nydus Canal  
  179  8:35  Roach x4  
  179  8:39  Extractor  
  184  8:43  Extractor, Nydus Canal  
  183  8:53  Roach x8  
  199  9:01  Spine Crawler  
  197  9:12  Overlord x2  
  197  9:15  Hydralisk Den  
  197  9:17  Ravager x4  
  193  9:29  Roach x7  
  199  9:38  Nydus Canal  
  177  9:54  Spine Crawler  
Tags
 
Add a new tag
Caveats
  • Supply blocks, unpowered buildings, or Contaminate may cause inaccurate times.
  • Supply counts are checked every 10 seconds.